 Dungeon Crawl Stone Soup version 0.23-a0-49-gd9f7a49 (webtiles) character file.

2 Amnesiac the Conjurer (level 1, 0/13 HPs)
             Began as a Mummy Conjurer on Aug 8, 2018.
             Was an Initiate of Vehumet.
             Slain by a goblin
             ... wielding a +0 club
              (3 damage)
             ... on level 1 of the Dungeon.
             The game lasted 00:00:33 (93 turns).

Amnesiac the Conjurer (Mummy Conjurer)                Turns: 93, Time: 00:00:34

Health: 0/13       AC:  2    Str: 11    XL:     1   Next: 33%
Magic:  0/4        EV: 12    Int: 14    God:    Vehumet [......]
Gold:   0          SH:  0    Dex: 12    Spells: 5/6 levels left

rFire    x . .     SeeInvis .   (no weapon)
rCold    + . .     Gourm    .   (no shield)
rNeg     + + +     Faith    .   a - +0 robe
rPois    ∞         Spirit   .   (no helmet)
rElec    .         Reflect  .   (no cloak)
rCorr    .         Harm     .   (no gloves)
MR       .....     Rnd*Tele +   (no boots)
Stlth    ++........             (no amulet)
HPRegen  0.04/turn              b - ring of teleportation (curse)
MPRegen  0.09/turn              (no ring)

@: no status effects
A: no food or potions, fire vulnerability, cold resistance 1, negative energy
resistance 3, torment resistance, unbreathing
a: Renounce Religion


You were on level 1 of the Dungeon.
You worshipped Vehumet.
Vehumet was noncommittal.
You were not hungry.

You visited 1 branch of the dungeon, and saw 2 of its levels.

Inventory:

Armour
 a - a +0 robe (worn)
Jewellery
 b - a cursed ring of teleportation (left hand)


   Skills:
 - Level 1.5 Dodging
 - Level 1.5 Stealth
 + Level 3.0 Spellcasting
 - Level 3.2 Conjurations


You had 5 spell levels left.
You knew the following spells:

 Your Spells              Type           Power        Failure   Level  Hunger
a - Magic Dart            Conj           ##..         5%          1    N/A

Your spell library contained the following spells:

 Spells                   Type           Power        Failure   Level  Hunger
 Iskenderun's Mystic Bla  Conj           ##......     50%         4    N/A
 Fulminant Prism          Conj/Hex       #.........   73%         4    N/A
 Dazzling Spray           Conj/Hex       #.....       32%         3    N/A
 Force Lance              Conj/Tloc      #.......     73%         4    N/A
 Searing Ray              Conj           ##....       9%          2    N/A

Dungeon Overview and Level Annotations

Branches:
Dungeon (2/15)

Altars:
Vehumet
Yredelemnul
The Shining One


Innate Abilities, Weirdness & Mutations

You do not eat or drink.
Your flesh is vulnerable to fire.
You are immune to poison.
Your flesh is cold resistant. (rC+)
You are immune to negative energy. (rN+++)
You are immune to unholy pain and torment.
You can survive without breathing.


Message History

The magic dart hits the dart slug.
The dart slug is moderately wounded.
Casting: Magic Dart (safe; 6% risk of failure)
Confirm with . or Enter, or press ? or * to list all spells.
You don't have enough magic to cast that spell.
Casting: Magic Dart (safe; 6% risk of failure)
Confirm with . or Enter, or press ? or * to list all spells.
You don't have enough magic to cast that spell.
Casting: Magic Dart (safe; 6% risk of failure)
Confirm with . or Enter, or press ? or * to list all spells.
You don't have enough magic to cast that spell.
Wield which item (- for none, * to show all)? (? for menu, Esc to quit)
Okay, then.
You see here a hobgoblin corpse.
You enter the shallow water.
Moving in this stuff is going to be slow.
The dart slug misses you.
There is an open door here.
The dart slug launches a dart at you. The slug dart hits you!
The dart slug launches a dart at you. The slug dart hits you!
* * * LOW HITPOINT WARNING * * *
You see here 2 murky green potions {!q}.
There is a stone staircase leading up here.
You climb upwards.
The goblin shouts!
The hobgoblin closely misses you.
There is a stone staircase leading down here.
The hobgoblin barely misses you.
There is an open door here.
There is an open door here.
Casting: Magic Dart (safe; 6% risk of failure)
Confirm with . or Enter, or press ? or * to list all spells.
Aiming: Magic Dart (safe; 6% risk of failure)
Press: ? - help, Shift-Dir - straight line, f - hobgoblin
Aim: a hobgoblin, wielding a club The magic dart hits the hobgoblin.
The hobgoblin is moderately wounded.
Unknown command.
Casting: Magic Dart (safe; 6% risk of failure)
Confirm with . or Enter, or press ? or * to list all spells.
Aiming: Magic Dart (safe; 6% risk of failure)
Press: ? - help, Shift-Dir - straight line, f/p - hobgoblin
Aim: a hobgoblin, wielding a club (moderately wounded)
The magic dart hits the hobgoblin.
The hobgoblin is severely wounded.
The hobgoblin hits you with a club.
* * * LOW HITPOINT WARNING * * *
Unknown command.
Casting: Magic Dart (safe; 6% risk of failure)
Confirm with . or Enter, or press ? or * to list all spells.
Aiming: Magic Dart (safe; 6% risk of failure)
Press: ? - help, Shift-Dir - straight line, f/p - hobgoblin
Aim: a hobgoblin, wielding a club (severely wounded)
The magic dart hits the hobgoblin.
The hobgoblin is almost dead.
The hobgoblin barely misses you.
You hit the hobgoblin.
You kill the hobgoblin!
Vehumet accepts your kill.
Your Spellcasting skill increases to level 3!
You completely miss the goblin. The goblin hits you with a club.
You die...

?. .. ### ### .#
#.# ###.# .#
##'####..## .#
+...'..### .#
####.<.####
.####..'...'..###
.##..####'####.g##
.#.### #.# ###@#
..######### ###
..........
...#####.. .....
....... .......#
.......# .......#


You could see a goblin.

Vanquished Creatures
  2 hobgoblins
2 creatures vanquished.

Notes
Turn   | Place    | Note
-------+----------+-------------------------------------------
     0 | D:1      | Amnesiac the Mummy Conjurer began the quest for the Orb.
     0 | D:1      | Reached XP level 1. HP: 13/13 MP: 4/4
    44 | D:2      | Found a radiant altar of Vehumet.
    44 | D:2      | Found a glowing golden altar of the Shining One.
    45 | D:2      | Found a basalt altar of Yredelemnul.
    51 | D:2      | Became a worshipper of Vehumet
    93 | D:1      | Slain by a goblin

Vault maps used:
D:1:      dpeg_arrival_radiant
D:2:      gammafunk_temple_overflow_claw, fedhas_altar_fruit_tree, first_ration,
          kennysheep_generic_room_2

Skill      XL: |  1 |
---------------+----+-----
Spellcasting   | 3 |  3.0
Dodging        | |  1.5
Stealth        | |  1.5
Conjurations   | |  3.2

Action                   || total
-------------------------++-------
Melee: Unarmed           ||     2
 Cast: Magic Dart        ||     7
Dodge: Dodged            ||     6

Table legend:
 A = Spawn XP
 B = Non-spawn XP
 C = Spawn XP percentage of total XP
 D = Spawn monster count
 E = Non-spawn monster count
 F = Spawn count percentage of total count
 G = Total turns spent on level
                    A         B        C        D         E        F      G
               +---------+---------+-------+---------+---------+-------+---------
         Total |       0 |       4 |   0.0 |       0 |       2 |   0.0 |    93
               +---------+---------+-------+---------+---------+-------+---------
           D:1 |       0 |       2 |   0.0 |       0 |       1 |   0.0 |    58
           D:2 |       0 |       2 |   0.0 |       0 |       1 |   0.0 |    35
               +---------+---------+-------+---------+---------+-------+---------
